Map: Ascension to Aiur LE

Players

TWBolek - Winner!

  • Race: Terran Terran
  • League: Diamond
  • Spawn Location: 11:00

GooFFy

  • Race: Protoss Protoss
  • League: Diamond
  • Spawn Location: 5:00

VOD

Have the link to the VOD?

Description

Time

  • Played on: Jan. 5, 2018, 6:47 a.m.
  • Length: 19:58
Show
View Real Time Build Order
Export as new Build Order

TWBolek Terran - Winner!

Build Orders: Cyclone Opening, Reaper Expand, Mech 

Get SALT Encoding   

  12  0:01  SCV  
  13  0:13  SCV  
  14  0:17  Supply Depot  
  14  0:25  SCV  
  15  0:30  Refinery  
  15  0:38  SCV  
  16  0:46  Barracks  
  16  0:51  SCV  
  17  1:03  SCV  
  18  1:26  SCV  
  19  1:36  Reaper  
  20  1:42  Orbital Command  
  20  1:52  Factory  
  20  2:08  Command Center  
  20  2:10  Barracks Reactor  
  20  2:15  SCV  
  21  2:25  Supply Depot  
  21  2:32  SCV  
  21  2:36  Refinery  
  20  2:47  Bunker, Cyclone  
  20  2:48  Marine  
  24  2:51  Marine  
  24  2:55  SCV  
  26  3:07  SCV  
  26  3:19  SCV  
  24  3:30  Barracks Reactor  
  24  3:31  SCV  
  24  3:32  Factory  
  25  3:41  Orbital Command  
  25  3:44  SCV  
  26  3:54  Factory  
  26  3:56  SCV  
  26  4:01  Hellion  
  29  4:06  Hellion  
  31  4:12  SCV  
  31  4:14  SCV  
  33  4:24  SCV  
  34  4:26  Cyclone  
  34  4:29  Hellion  
  34  4:30  Hellion  
  41  4:32  SCV  
  41  4:36  Hellion  
  44  4:46  Factory Tech Lab  
  44  4:49  Supply Depot  
  44  4:50  SCV, Supply Depot  
  44  4:52  SCV  
  46  4:53  Supply Depot  
  46  5:11  Hellion x2, SCV x2, Armory  
  52  5:15  Siege Tank  
  55  5:23  SCV x2  
  57  5:41  SCV x2  
  57  5:42  Hellion x3  
  61  5:43  Hellion  
  59  5:53  SCV x2  
  61  6:00  Cyclone  
  61  6:03  Infernal Pre-Igniter  
  64  6:05  SCV  
  64  6:06  SCV  
  66  6:17  SCV  
  67  6:20  Command Center  
  67  6:26  Cyclone  
  67  6:30  Supply Depot  
  70  6:33  Supply Depot  
  70  6:37  Refinery x2  
  70  6:49  Supply Depot  
  70  6:50  Supply Depot  
  70  6:52  Siege Tank, SCV x2, Cyclone  
  74  7:03  Cyclone  
  74  7:04  SCV  
  74  7:07  SCV  
  79  7:14  Terran Vehicle Weapons Level 1  
  79  7:16  SCV  
  79  7:19  SCV  
  81  7:25  Cyclone  
  81  7:28  SCV  
  85  7:31  SCV  
  85  7:32  Orbital Command, Armory  
  85  7:35  Hellion x2  
  90  7:39  Siege Tank  
  93  7:46  SCV  
  95  7:58  Hellion  
  95  7:59  Hellion x3  
  95  8:03  Factory  
  95  8:04  Factory  
  95  8:05  SCV  
  102  8:12  Engineering Bay  
  102  8:38  Hellion x4  
  110  8:41  Command Center  
  110  8:42  Terran Vehicle And Ship Armor Level 1  
  110  8:50  Supply Depot x2  
  110  8:52  Smart Servos  
  110  8:53  Factory Tech Lab  
  110  8:54  Factory Tech Lab  
  110  9:11  SCV x2  
  110  9:12  Hellion x4, Supply Depot x3  
  110  9:15  Supply Depot  
  109  9:36  Siege Tank  
  109  9:37  Siege Tank x2, Hellion x3  
  109  9:38  Hellion  
  102  10:05  Hellion  
  102  10:06  Hellion x2  
  108  10:09  Siege Tank x2  
  114  10:16  Terran Vehicle Weapons Level 2, SCV x2  
  116  10:28  SCV  
  111  10:31  Command Center  
  111  10:32  Orbital Command  
  111  10:34  Refinery, Sensor Tower  
  111  10:36  Refinery  
  111  10:43  Cyclone x4  
  111  10:46  SCV x2  
  121  10:58  SCV  
  122  11:09  Hellion  
  122  11:10  Siege Tank x2  
  130  11:12  Orbital Command  
  113  11:35  SCV x2  
  110  11:40  Command Center  
  110  11:44  SCV  
  111  11:47  SCV x2  
  113  11:56  SCV  
  113  11:59  SCV x2  
  116  12:06  Missile Turret  
  116  12:07  Hellion  
  116  12:08  Command Center, Hellion x3  
  124  12:09  Siege Tank x3  
  124  12:39  Hellion x3  
  124  12:41  Siege Tank x2  
  124  13:06  Siege Tank, Hellion x3  
  124  13:11  SCV x2  
  133  13:13  Siege Tank  
  136  13:25  Terran Vehicle Weapons Level 3  
  136  13:38  Hellion x4  
  144  13:46  Rapid Fire Launchers  
  140  13:59  Siege Tank x3  
  110  14:06  Planetary Fortress  
  110  14:09  Hellion x3  
  105  14:10  Hellion  
  105  14:25  Command Center  
  105  14:27  Orbital Command  
  105  14:29  Factory  
  105  14:30  Factory  
  105  14:31  Siege Tank x2  
  111  14:41  Sensor Tower  
  107  14:51  Siege Tank  
  107  14:52  Hellion x2  
  114  14:55  Sensor Tower  
  114  14:57  Command Center  
  114  14:59  Hellion x8  
  114  15:03  Siege Tank  
  117  15:25  Factory Tech Lab  
  117  15:30  Refinery  
  117  15:31  Siege Tank x2  
  117  15:32  Hellion x4  
  117  15:34  Refinery  
  131  15:45  Siege Tank  
  134  16:11  Hellion x5  
  138  16:39  Refinery  
  138  16:41  Command Center, SCV  
  138  16:42  SCV x4  
  138  16:43  Terran Vehicle And Ship Armor Level 2  
  138  16:47  Hellion x5  
  147  16:53  SCV  
  148  16:59  Siege Tank x4  
  144  17:16  Factory Reactor  
  144  17:17  Hellion x4  
  152  17:43  Siege Tank x4  
  168  17:44  Hellion x2  
  149  18:01  Hellion x2  
  153  18:10  Cyclone x3  
  162  18:39  Siege Tank  
  162  18:40  Siege Tank x2, Hellion x2  
  162  18:41  Hellion x2  
  179  18:50  Planetary Fortress  
  179  18:56  Refinery  
  179  19:00  Refinery  
  165  19:22  Cyclone x2  
  165  19:23  Cyclone x2  
Show
View Real Time Build Order
Export as new Build Order

GooFFy Protoss 

Build Orders:  

Get SALT Encoding   

  12  0:02  Probe  
  13  0:13  Pylon  
  13  0:17  Probe  
  14  0:29  Probe (Chrono Boost)  
  14  0:33  Gateway  
  15  0:41  Probe (Chrono Boost)  
  16  0:46  Probe (Chrono Boost)  
  17  0:53  Assimilator  
  17  0:55  Probe  
  18  1:07  Probe  
  18  1:09  Gateway  
  19  1:19  Probe (Chrono Boost)  
  19  1:21  Cybernetics Core  
  20  1:31  Probe (Chrono Boost)  
  20  1:32  Assimilator  
  21  1:36  Probe (Chrono Boost)  
  22  1:40  Pylon  
  21  1:51  Probe  
  22  1:58  Stalker x2  
  26  2:04  Probe  
  26  2:05  Warp Gate (Chrono Boost)  
  27  2:16  Probe  
  27  2:22  Pylon  
  28  2:28  Probe  
  29  2:45  Nexus  
  29  2:49  Probe  
  30  2:56  Stalker  
  32  3:03  Stalker  
  34  3:26  Stalker  
  36  3:37  Probe  
  36  3:39  Robotics Facility  
  37  3:42  Pylon  
  37  3:45  Twilight Council  
  37  3:50  Probe  
  38  4:02  Probe  
  39  4:03  Shield Battery  
  39  4:04  Shield Battery, Probe  
  40  4:16  Pylon, Probe (Chrono Boost)  
  42  4:17  Probe (Chrono Boost)  
  42  4:22  Blink (Chrono Boost)  
  42  4:27  Probe (Chrono Boost)  
  42  4:28  Observer  
  42  4:29  Probe (Chrono Boost)  
  45  4:31  Probe (Chrono Boost)  
  45  4:36  Stalker  
  45  4:38  Probe  
  49  4:43  Forge  
  49  4:48  Stalker  
  51  4:54  Observer  
  51  4:58  Pylon  
  52  5:01  Gateway  
  52  5:05  Gateway  
  52  5:08  Probe x2  
  52  5:11  Assimilator  
  54  5:18  Observer  
  54  5:20  Probe x2  
  57  5:21  Assimilator  
  57  5:23  Pylon  
  51  5:46  Probe x2  
  53  5:51  Stalker x2  
  57  5:58  Probe x2  
  57  6:00  Immortal  
  63  6:04  Protoss Ground Weapons Level 1 (Chrono Boost)  
  63  6:06  Gateway  
  63  6:07  Pylon  
  63  6:25  Robotics Bay  
  63  6:31  Gateway  
  63  6:33  Stalker  
  63  6:35  Photon Cannon  
  63  6:37  Stalker  
  63  6:39  Stalker  
  69  6:41  Probe  
  69  6:44  Probe  
  71  6:54  Observer  
  71  7:01  Charge (Chrono Boost)  
  71  7:03  Probe x2  
  73  7:15  Probe  
  74  7:26  Pylon  
  74  7:29  Nexus  
  74  7:30  Photon Cannon  
  74  7:31  Pylon, Probe  
  74  7:32  Gateway  
  74  7:34  Observer  
  75  7:42  Probe  
  76  7:44  Protoss Ground Weapons Level 2 (Chrono Boost)  
  76  7:59  Probe x2  
  76  8:01  Stalker x3  
  76  8:02  Stalker  
  86  8:11  Probe  
  71  8:31  Gateway  
  71  8:32  Shield Battery  
  71  8:34  Gateway  
  71  8:36  Photon Cannon  
  71  8:38  Assimilator  
  71  8:40  Probe x2  
  73  8:42  Photon Cannon  
  73  8:43  Stalker  
  75  8:52  Probe x2  
  77  9:01  Zealot x5  
  87  9:04  Probe  
  88  9:10  Stalker  
  88  9:13  Immortal (Chrono Boost)  
  94  9:17  Pylon  
  67  9:41  Stalker x5  
  67  9:42  Stalker  
  69  10:04  Stalker  
  69  10:05  Stalker x4  
  75  10:15  Stalker x2  
  79  10:40  Zealot x4  
  87  10:47  Nexus  
  83  11:08  Stalker x3  
  83  11:09  Stalker x3  
  75  11:37  Protoss Ground Armor Level 1  
  75  11:38  Templar Archives  
  67  11:45  Probe x2  
  69  11:57  Immortal (Chrono Boost), Probe x2  
  75  12:02  Pylon  
  75  12:05  Stalker x4  
  75  12:06  Stalker x2  
  87  12:20  High Templar  
  87  12:22  High Templar  
  91  12:29  Archon  
  91  12:30  High Templar x2  
  91  12:31  High Templar x2  
  91  12:33  Stalker x2  
  101  12:37  Archon x2  
  88  12:58  Stalker x3  
  82  13:01  Immortal  
  76  13:06  High Templar x2  
  76  13:08  Stalker x2  
  76  13:10  Archon  
  84  13:31  Stalker x4  
  84  13:33  Observer  
  92  13:39  Zealot x3  
  70  14:17  High Templar x2  
  70  14:19  Stalker x2  
  70  14:21  Archon  
  78  14:25  Nexus  
  78  14:56  Stalker x4  
  86  15:08  High Templar x2  
  86  15:10  Observer  
  90  15:25  Archon  
  90  15:28  Stargate  
  90  15:51  Assimilator  
  90  15:56  Assimilator  
  84  16:21  Probe (Chrono Boost)  
  85  16:30  Pylon, Probe (Chrono Boost)  
  85  16:32  Pylon  
  86  16:35  Probe (Chrono Boost)  
  87  16:49  Fleet Beacon  
  87  16:50  Stargate  
  87  16:54  Stargate  
  79  17:12  Immortal  
  79  17:13  Probe  
  79  17:14  Probe  
  85  17:35  Carrier (Chrono Boost)  
  91  17:38  Nexus  
  50  18:04  Void Ray (Chrono Boost)  
  44  18:39  Void Ray (Chrono Boost)  
Tags
 
Add a new tag
Caveats
  • Supply blocks, unpowered buildings, or Contaminate may cause inaccurate times.
  • Supply counts are checked every 10 seconds.